Map: Jagannatha LE

Players

ViBE

  • Race: Zerg Zerg
  • League: Diamond

Doomroca - Winner!

  • Race: Protoss Protoss
  • League: Diamond

VOD

Have the link to the VOD?

Description

Time

  • Played on: April 22, 2021, 12:08 a.m.
  • Length: 17:37
Show
View Real Time Build Order
Export as new Build Order

ViBE Zerg 

Build Orders: Hatch First, Lurkers, Roach Hydra 

Get SALT Encoding   

  12  0:01  Drone  
  13  0:13  Overlord  
  13  0:18  Drone  
  14  0:33  Drone x2  
  16  0:49  Hatchery  
  15  0:56  Drone  
  16  0:57  Drone  
  16  1:00  Drone  
  18  1:19  Drone, Spawning Pool  
  18  1:21  Drone  
  20  1:32  Drone  
  20  1:38  Extractor  
  19  1:45  Drone  
  20  2:03  Drone x3  
  20  2:07  Queen x2  
  27  2:19  Overlord  
  27  2:31  Drone  
  28  2:38  Metabolic Boost  
  28  2:40  Overlord  
  28  2:42  Drone x3  
  31  2:54  Hatchery, Drone x2  
  32  2:59  Queen  
  34  3:08  Overlord  
  34  3:21  Drone x8  
  42  3:35  Zergling x4  
  44  3:44  Zergling x4  
  42  3:54  Drone x4  
  43  4:02  Drone x4  
  47  4:11  Queen  
  50  4:17  Drone x5  
  54  4:24  Roach Warren  
  54  4:27  Extractor  
  54  4:29  Extractor  
  51  4:32  Drone x3  
  51  4:36  Queen, Extractor  
  51  4:37  Queen  
  57  4:45  Overlord  
  57  4:46  Overlord x3  
  57  5:04  Drone x9  
  66  5:09  Drone x2  
  66  5:12  Drone x6  
  74  5:14  Lair  
  74  5:16  Overlord  
  74  5:19  Overlord  
  74  5:21  Overlord  
  74  5:36  Roach  
  74  5:37  Roach x5  
  74  5:41  Roach x5  
  96  5:53  Roach  
  96  5:54  Roach x3  
  103  6:03  Roach  
  105  6:05  Overlord x3  
  105  6:17  Overlord x3  
  105  6:20  Glial Reconstitution  
  105  6:24  Hydralisk Den  
  104  6:35  Drone x11  
  115  6:40  Extractor  
  115  6:42  Evolution Chamber  
  115  6:43  Evolution Chamber  
  115  6:45  Overseer  
  112  7:00  Drone  
  112  7:01  Drone x6  
  108  7:18  Drone x11  
  119  7:23  Extractor  
  119  7:27  Queen  
  119  7:28  Queen  
  119  7:29  Queen  
  122  7:35  Hatchery  
  123  8:00  Zerg Missile Weapons Level 1  
  123  8:01  Grooved Spines, Zerg Melee Weapons Level 1  
  123  8:06  Overlord x4  
  123  8:14  Drone x4  
  123  8:16  Drone  
  123  8:17  Hydralisk x5  
  138  8:23  Infestation Pit  
  137  8:29  Drone  
  137  8:31  Hydralisk x2  
  142  8:42  Hydralisk x9  
  142  8:45  Overseer x2  
  160  8:58  Lurker Den  
  160  9:00  Hydralisk x8  
  175  9:09  Hydralisk  
  175  9:10  Hydralisk x2  
  175  9:13  Muscular Augments  
  181  9:20  Hive  
  181  9:25  Spore Crawler  
  181  9:26  Spine Crawler, Overlord  
  181  9:27  Overlord x2  
  181  9:28  Spine Crawler  
  181  9:30  Spore Crawler  
  177  9:31  Spine Crawler  
  177  9:32  Drone x2  
  177  9:33  Drone, Spine Crawler  
  177  9:35  Spore Crawler  
  177  9:36  Drone x3  
  177  9:37  Spine Crawler x2  
  178  9:39  Spore Crawler  
  178  9:40  Spine Crawler x2  
  174  9:55  Extractor  
  174  9:56  Drone x7  
  174  9:57  Drone x3, Extractor  
  174  9:58  Drone  
  183  10:09  Hatchery  
  182  10:33  Drone x3  
  182  10:34  Zerg Missile Weapons Level 2  
  182  10:35  Zerg Melee Weapons Level 2  
  185  10:36  Seismic Spines  
  185  10:37  Adrenal Glands  
  185  10:43  Spore Crawler, Spine Crawler  
  185  10:44  Spine Crawler  
  182  10:57  Burrow, Pneumatized Carapace  
  182  11:09  Spine Crawler  
  182  11:10  Spine Crawler  
  182  11:11  Spine Crawler x3  
  178  11:12  Drone x6  
  178  11:13  Drone  
  178  11:14  Spine Crawler  
  178  11:18  Spine Crawler x2  
  182  11:19  Spine Crawler x2  
  182  11:20  Drone x2, Spine Crawler  
  182  11:23  Lurker  
  182  11:24  Lurker x2  
  181  11:30  Spine Crawler  
  181  11:31  Spine Crawler  
  181  11:32  Spine Crawler  
  176  11:33  Adaptive Talons, Drone  
  176  11:34  Drone x13  
  176  11:35  Spine Crawler  
  189  11:40  Drone x4  
  189  11:41  Drone x3  
  196  11:48  Spine Crawler x4  
  196  11:49  Spine Crawler  
  196  11:53  Spine Crawler x2  
  189  12:05  Extractor  
  189  12:06  Extractor  
  187  12:19  Lurker x12  
  174  12:37  Zergling x30  
  188  13:09  Hydralisk x4  
  188  13:10  Hydralisk x2  
  200  13:14  Zerg Missile Weapons Level 3, Zerg Ground Armor Level 1  
  199  13:20  Hatchery  
  192  13:32  Hydralisk x5  
  192  13:33  Hydralisk x2  
  198  13:40  Ultralisk Cavern  
  197  13:41  Baneling Nest  
  196  13:52  Spore Crawler, Spine Crawler x4  
  196  13:53  Spine Crawler  
  196  13:55  Hydralisk x2  
  190  13:56  Hydralisk x3, Spine Crawler  
  131  14:26  Hydralisk x4  
  131  14:27  Hydralisk x11  
  161  14:32  Lurker x4  
  161  14:33  Lurker x5  
  161  14:35  Lurker x3  
  173  14:42  Hydralisk x11  
  173  14:43  Hydralisk x2  
  161  15:14  Drone x4  
  161  15:15  Spine Crawler  
  161  15:16  Spine Crawler x3  
  161  15:17  Spine Crawler  
  161  15:18  Drone x2  
  162  15:21  Zerg Ground Armor Level 2  
  162  15:24  Hydralisk, Centrifical Hooks  
  162  15:25  Hydralisk  
  162  15:30  Drone x2  
  162  15:31  Drone x2  
  166  15:43  Drone  
  166  15:44  Drone  
  166  15:45  Lurker  
  166  15:46  Lurker x10  
  177  15:51  Extractor  
  177  15:54  Lurker, Extractor  
  177  15:56  Hydralisk x4  
  177  15:57  Hydralisk x6  
  178  15:58  Overlord  
  178  15:59  Overlord  
  196  16:06  Overseer x2  
  192  16:25  Hydralisk  
  192  16:26  Hydralisk x3  
  158  16:44  Hydralisk x4  
  158  16:45  Hydralisk x20  
  174  16:54  Hydralisk x3  
  174  17:00  Hydralisk x4  
Show
View Real Time Build Order
Export as new Build Order

Doomroca Protoss - Winner!

Build Orders: 1 Gate Expand, Carriers, Chargelot Immortal 

Get SALT Encoding   

  12  0:00  Probe  
  13  0:12  Probe  
  14  0:20  Pylon  
  14  0:24  Probe  
  15  0:38  Probe  
  15  0:39  Gateway  
  16  0:45  Assimilator  
  16  0:50  Probe (Chrono Boost)  
  17  1:02  Probe (Chrono Boost)  
  18  1:07  Probe (Chrono Boost)  
  19  1:16  Probe (Chrono Boost)  
  21  1:25  Probe (Chrono Boost)  
  21  1:31  Probe, Nexus  
  22  1:44  Cybernetics Core  
  22  1:46  Probe  
  23  1:53  Pylon  
  23  1:58  Assimilator  
  23  2:11  Probe  
  24  2:18  Adept (Chrono Boost)  
  26  2:23  Probe, Warp Gate  
  27  2:33  Stargate  
  27  2:40  Gateway  
  27  2:41  Adept (Chrono Boost)  
  27  2:44  Probe  
  30  2:54  Probe  
  31  3:02  Probe  
  31  3:03  Stalker (Chrono Boost)  
  34  3:06  Probe  
  35  3:14  Probe  
  35  3:16  Pylon  
  35  3:19  Probe  
  37  3:23  Shield Battery  
  37  3:26  Probe  
  38  3:31  Probe  
  39  3:38  Probe  
  38  3:58  Void Ray (Chrono Boost)  
  38  4:02  Probe x2  
  42  4:12  Gateway  
  42  4:13  Gateway  
  42  4:14  Probe  
  42  4:16  Gateway  
  43  4:17  Gateway, Twilight Council  
  43  4:21  Pylon, Robotics Facility  
  43  4:22  Probe  
  44  4:28  Void Ray  
  48  4:43  Probe x2  
  50  4:57  Nexus  
  50  4:59  Pylon  
  50  5:00  Adept x2  
  50  5:04  Charge (Chrono Boost)  
  54  5:09  Warp Prism  
  54  5:11  Probe  
  57  5:19  Assimilator  
  57  5:20  Probe  
  57  5:21  Assimilator  
  58  5:24  Probe  
  58  5:26  Void Ray (Chrono Boost)  
  59  5:30  Pylon  
  59  5:32  Shield Battery, Probe  
  64  5:36  Probe  
  65  5:45  Observer  
  66  6:11  Zealot  
  66  6:12  Zealot x3  
  74  6:28  Probe x3  
  74  6:31  Immortal  
  81  6:37  Templar Archives  
  81  6:39  Gateway  
  81  6:40  Probe x3  
  81  6:42  Gateway  
  81  6:45  Pylon  
  84  6:50  Pylon  
  80  6:57  Zealot x3  
  80  6:59  Zealot x3  
  80  7:19  Immortal (Chrono Boost)  
  84  7:25  Zealot x5  
  84  7:26  Zealot  
  84  7:27  Probe x3  
  99  7:35  Forge  
  99  7:39  Probe  
  99  7:42  Stargate  
  100  7:52  Assimilator  
  100  7:56  High Templar, Assimilator  
  100  7:57  Zealot x3  
  108  8:04  Protoss Ground Weapons Level 1 (Chrono Boost)  
  108  8:05  Pylon  
  108  8:10  Pylon  
  108  8:13  Pylon x2  
  108  8:17  Probe  
  108  8:18  Photon Cannon  
  109  8:23  Probe x2, Immortal  
  115  8:29  Probe  
  115  8:30  Fleet Beacon  
  116  8:35  Probe x2  
  116  8:41  Probe  
  119  8:47  Probe x2  
  121  8:50  High Templar x3  
  121  8:54  Probe  
  128  8:59  Probe x2  
  128  9:00  Photon Cannon  
  128  9:01  Shield Battery  
  130  9:04  Psionic Storm  
  130  9:05  Photon Cannon  
  130  9:07  Shield Battery  
  130  9:09  Pylon  
  130  9:10  Immortal (Chrono Boost)  
  134  9:20  Carrier (Chrono Boost)  
  140  9:36  Photon Cannon  
  140  9:38  Photon Cannon  
  140  9:41  Photon Cannon  
  140  9:43  Shield Battery  
  140  9:50  Protoss Air Weapons Level 1 (Chrono Boost)  
  140  9:54  Nexus  
  140  9:57  Pylon  
  140  10:01  Zealot x3  
  140  10:02  Zealot  
  148  10:13  Pylon  
  148  10:18  Carrier (Chrono Boost)  
  154  10:24  Pylon  
  154  10:26  Pylon, Observer (Chrono Boost)  
  155  10:31  Carrier (Chrono Boost)  
  155  10:32  Pylon  
  155  10:34  Photon Cannon  
  161  10:41  Gateway  
  161  10:43  Pylon  
  161  10:44  Gateway  
  161  10:48  Pylon  
  161  10:49  Photon Cannon  
  161  10:51  Probe x2  
  161  10:53  Probe  
  164  11:05  Zealot  
  164  11:06  Zealot x3  
  168  11:21  Carrier (Chrono Boost)  
  170  11:33  Stargate  
  170  11:34  Protoss Ground Weapons Level 2 (Chrono Boost)  
  170  11:40  Stargate  
  170  11:43  Probe x3  
  173  11:48  Gateway  
  173  11:50  Photon Cannon  
  173  11:55  Shield Battery, Photon Cannon  
  173  11:59  Shield Battery  
  173  12:04  Photon Cannon, Carrier (Chrono Boost)  
  179  12:08  Photon Cannon  
  179  12:09  Protoss Air Weapons Level 2 (Chrono Boost)  
  185  12:16  Carrier (Chrono Boost)  
  185  12:21  Pylon  
  185  12:25  Pylon  
  183  12:56  Zealot x4  
  183  12:57  Zealot x3  
  193  13:25  Zealot  
  193  13:26  Zealot  
  194  13:33  Photon Cannon  
  190  13:38  Probe x4  
  190  13:41  Assimilator  
  194  13:42  Void Ray  
  194  13:44  Assimilator  
  194  13:53  Stargate  
  194  13:55  Stargate  
  198  13:58  Protoss Shields Level 1 (Chrono Boost)  
  136  14:18  Zealot  
  136  14:19  Zealot x5  
  136  14:20  Zealot x2  
  144  14:31  Zealot x3  
  156  14:38  Carrier x3  
  156  14:39  Carrier  
  144  15:15  High Templar x3  
  144  15:16  High Templar x5  
  144  15:17  High Templar x3  
  144  15:19  Archon  
  144  15:20  Archon x2  
  144  15:21  Archon  
  172  15:42  Carrier  
  172  15:44  Void Ray x2  
  172  15:47  Void Ray  
  172  15:48  Nexus  
  172  15:51  Pylon  
  172  15:52  Carrier  
  172  15:53  Pylon  
  172  16:47  Zealot x3  
  172  16:48  Zealot x6  
  172  16:49  Zealot  
Tags
 
Add a new tag
Caveats
  • Supply blocks, unpowered buildings, or Contaminate may cause inaccurate times.
  • Supply counts are checked every 10 seconds.